 Dungeon Crawl Stone Soup version 0.31.0-11-ge490571c62 (webtiles) character file.

Game seed: 8112709830826275496

5635 qw the Nimble (level 10, -1/50 HPs)
             Began as a Spriggan Hunter on Feb 3, 2024.
             Was an Elder of Okawaru.
             Slain by a vampire (8 damage)
             ... on level 7 of the Dungeon.
             The game lasted 00:01:52 (6650 turns).

qw the Nimble (Spriggan Hunter)                     Turns: 6650, Time: 00:01:53

Health: -1/50      AC:  4    Str: 10    XL:     10   Next: 46%
Magic:  12/16      EV: 33    Int: 11    God:    Okawaru [****..]
Gold:   302        SH:  0    Dex: 23    Spells: 9/9 levels left

rFire   + + .        l - +6 sling "Spider's Undoing" {freeze, Str+3}
rCold   . . .        (no shield)
rNeg    . . .        j - +2 robe {rF+}
rPois   .            (helmet restricted)
rElec   .            (no cloak)
rCorr   .            (gloves unavailable)
SInv    +            (boots unavailable)
Will    +....        (no amulet)
Stlth   ++           g - +5 ring of evasion
HPRegen 0.28/turn    i - ring of protection from fire
MPRegen 0.15/turn

%: no passive effects
@: finesse-ful, very quick
A: very small, no large weapons, unfitting armour, see invisible, speed 3
a: Renounce Religion, Heroism, Finesse


You were on level 7 of the Dungeon.
You worshipped Okawaru.
Okawaru was greatly pleased with you.
You visited 2 branches of the dungeon, and saw 8 of its levels.
You also visited: Sewer.

You collected 522 gold pieces.
You spent 220 gold pieces at shops.


Innate Abilities, Weirdness & Mutations

You are very small and have problems with some larger weapons.
You are too small for most types of armour.
You have supernaturally acute eyesight. (SInv)
You cover ground extremely quickly. (Speed+++)


   Skills:
 - Level 4.2 Fighting
 - Level 11.0 Ranged Weapons
 + Level 11.1 Dodging
 - Level 1.5 Stealth
 + Level 7.2 Invocations


You had 9 spell levels left.
You didn't know any spells.
Your spell library was empty.

Inventory:

Hand Weapons
 l - the +6 sling "Spider's Undoing" (weapon) {freeze, Str+3}
   (You found it on level 2 of the Dungeon)

   Str+3:     It affects your strength (+3).
Armour
 j - a +2 robe of fire resistance (worn)
 p - +0 steam dragon scales
Jewellery
 g - a +5 ring of evasion (left hand)
 i - a ring of protection from fire (right hand)
Wands
 e - a wand of mindburst (11)
Scrolls
 f - a scroll of enchant armour
 h - 7 scrolls of teleportation
 m - 3 scrolls of noise {unknown}
 o - a scroll of identify
Potions
 a - 4 potions of enlightenment
 b - 2 potions of heal wounds
 c - a potion of mutation {unknown}
 d - 11 potions of curing
 k - 2 potions of cancellation
 n - a potion of resistance {unknown}
 q - a potion of haste
 r - a potion of might {unknown}

Dungeon Overview and Level Annotations

Branches:
Dungeon (7/15)             Temple (1/1) D:4           Sewer (visited)

Altars:
Ashenzari
Cheibriados
Dithmenos
Elyvilon
Fedhas
Gozag
Hepliaklqana
Kikubaaqudgha
Nemelex Xobeh
Okawaru
Qazlal
Ru
Sif Muna
Trog
Uskayaw
Vehumet
Xom
Yredelemnul
Zin
The Shining One

Shops:
D:6 *:!(   D:7 [


Message History

You shoot a sling bullet. The sling bullet hits the cyclops!
The sling bullet freezes the cyclops.
You kill the cyclops!
Okawaru accepts your kill.
Your Ranged Weapons skill increases to level 11!
Your Invocations skill increases to level 7!
You shoot a sling bullet.
The sling bullet hits the wraith but does no damage.
The wraith is almost destroyed.
You shoot a sling bullet. The sling bullet hits the wraith!
The sling bullet freezes the wraith.
You destroy the wraith!
Okawaru accepts your kill.
You shoot a sling bullet. The sling bullet hits the vampire!
The sling bullet freezes the vampire.
The vampire is heavily damaged.
You shoot a sling bullet.
The sling bullet closely misses the vampire.
You shoot a sling bullet. The sling bullet hits the vampire.
The sling bullet freezes the vampire.
The vampire is severely damaged.
The vampire draws life force from you!
The vampire is healed by the life force!
You shoot a sling bullet. The sling bullet hits the vampire.
The vampire is heavily damaged.
You shoot a sling bullet.
The sling bullet hits the vampire but does no damage.
The vampire is heavily damaged.
You shoot a sling bullet.
The sling bullet closely misses the vampire.
The vampire draws life force from you!
The vampire is healed by the life force!
You shoot a sling bullet. The sling bullet hits the vampire.
The sling bullet freezes the vampire.
The vampire is heavily damaged.
You shoot a sling bullet.
The sling bullet hits the vampire but does no damage.
The vampire is heavily damaged.
The vampire hits you! The vampire bites you!
You die...

...#.#...#########..#..##..##...#
...#.#....#...#.#..##..###..#....
###...#####.###.#.###[#)....#..#.
....#...........%..%.###....#..##
###...#####.###.#....[#?###.#..#
...#.#...(#.#...#..###).##..#..#
...#.#...#########..##..#..##..##
#..#.#..###....V###..#....##...##
##.#.#.## #@###.....##....##
.###.### ##.####.###..#.###
.#.....# #..#.%####.#..# #
.#.##)## ##.#.#..##.#.## #
.###.### #....#.### #.## #
.##.##.# ##.#.###.#.#..###
.#.....# #..#.....#.##..#
.###.### #.########..##.#
##..##### )###.....##..#.#


You could see a vampire (invisible).

Vanquished Creatures
  Pikel (D:5)
  A cyclops (D:7)
  A hornet (D:7)
  Grinder (D:5)
  Sigmund (D:5)
  2 wraiths (D:7)
  2 vampire mosquitoes (D:7)
  A steam dragon (D:7)
  3 water moccasins (D:7)
  A black bear (D:7)
  2 orc warriors (D:7)
  2 sky beasts (D:7)
  2 ice beasts
  4 ogres
  3 centaurs (D:7)
  A phantom (D:6)
  A kobold brigand (Sewer)
  8 bullfrogs
  3 scorpions
  4 wights (D:6)
  A killer bee (D:7)
  A howler monkey (D:7)
  A bombardier beetle (D:4)
  6 hounds
  2 jellies (D:6)
  2 orc priests
  2 sleepcaps (D:7)
  Terence (D:2)
  4 iguanas
  An orc wizard (D:4)
  8 gnolls
  14 adders
  3 river rats (Sewer)
  4 white imps
  3 dart slugs
  3 ribbon worms
  29 orcs
  10 ball pythons
  7 bats
  11 endoplasms
  4 giant cockroaches
  10 hobgoblins
  5 quokkas
  2 frilled lizards
  7 goblins
  12 kobolds
  15 rats
212 creatures vanquished.

Notes
Turn   | Place    | Note
-------+----------+-------------------------------------------
     0 | D:1      | qw the Spriggan Hunter began the quest for the Orb.
     0 | D:1      | Reached XP level 1. HP: 10/10 MP: 2/2
     0 | D:1      | 0 ||| qw: Version: 0.3-a-155-g5e7d8dd
     0 | D:1      | 0 ||| qw: Game counter: 3086
     0 | D:1      | 0 ||| qw: Melee chars always use a shield: true
     0 | D:1      | 0 ||| qw: God list: Okawaru
     0 | D:1      | 0 ||| qw: Allow faded altars: false
     0 | D:1      | 0 ||| qw: Do Orc after clearing Dungeon:15 true
     0 | D:1      | 0 ||| qw: Do second Lair branch before Depths: true
     0 | D:1      | 0 ||| qw: Lair rune preference: random
     0 | D:1      | 0 ||| qw: Goals: Normal
     0 | D:1      | 0 ||| PLANNING D:1-11
    23 | D:1      | Reached skill level 3 in Dodging
   201 | D:1      | Reached XP level 2. HP: 14/14 MP: 3/3
   776 | D:1      | 776 ||| READING scroll labelled SYNUHUNIEV.
   777 | D:1      | 777 ||| READING scroll labelled HIMOKE MOMI.
   781 | D:1      | 781 ||| READING scroll labelled HEUKHA TEOMP.
   782 | D:1      | 782 ||| DRINKING 3 purple potions.
   783 | D:1      | 783 ||| DROPPING scroll of butterflies.
   840 | D:2      | Reached XP level 3. HP: 18/18 MP: 4/4
   844 | D:2      | 844 ||| RETREEEEATING.
   846 | D:2      | 846 ||| RETREEEEATING.
   848 | D:2      | 848 ||| RETREEEEATING.
   861 | D:2      | 861 ||| RETREEEEATING.
   867 | D:2      | Reached XP level 4. HP: 21/22 MP: 5/5
   897 | D:2      | Noticed Terence
   903 | D:2      | Killed Terence
   904 | D:2      | 904 ||| FLEEEEING.
   905 | D:2      | 905 ||| FLEEEEING.
   906 | D:2      | 906 ||| FLEEEEING.
   907 | D:2      | 907 ||| FLEEEEING.
   908 | D:2      | 908 ||| FLEEEEING.
   909 | D:2      | 909 ||| FLEEEEING.
   910 | D:2      | 910 ||| FLEEEEING.
   911 | D:2      | 911 ||| FLEEEEING.
   913 | D:2      | 913 ||| FLEEEEING.
   914 | D:2      | 914 ||| FLEEEEING.
   915 | D:2      | 915 ||| FLEEEEING.
   916 | D:2      | 916 ||| FLEEEEING.
   918 | D:2      | 918 ||| FLEEEEING.
  1279 | D:2      | Reached XP level 5. HP: 26/26 MP: 6/6
  1329 | D:2      | Identified the +6 sling "Spider's Undoing" {freeze, Str+3}
  1331 | D:2      | 1331 ||| SWAPPING to +6 sling "Spider's Undoing" {freeze,
                  | Str+3}.
  1332 | D:2      | 1332 ||| DROPPING +0 shortbow.
  1468 | D:2      | 1468 ||| UPGRADING to +5 ring of evasion.
  1469 | D:2      | 1469 ||| UPGRADING to ring of protection from fire.
  1470 | D:2      | 1470 ||| READING scroll labelled ACEINL VETTOJ.
  1471 | D:2      | 1471 ||| READING 2 scrolls labelled CELUPTOJOGIL.
  1471 | D:2      | 1471 ||| IDENTIFYING golden potion
  1472 | D:2      | 1472 ||| READING scroll of identify.
  1472 | D:2      | 1472 ||| IDENTIFYING scroll labelled FOFIOXI JOCW
  1473 | D:2      | 1473 ||| READING scroll labelled NOARESSONUYM.
  1474 | D:2      | 1474 ||| READING scroll labelled SEPRATESKE.
  1793 | D:3      | Reached skill level 6 in Ranged Weapons
  1961 | D:4      | Noticed an ice beast
  1962 | D:4      | 1962 ||| DRINKING potion of haste.
  1973 | D:4      | Killed an ice beast
  1974 | D:4      | Reached skill level 6 in Dodging
  1974 | D:4      | Reached XP level 6. HP: 15/30 MP: 7/7
  1980 | D:4      | 1980 ||| STAIRDANCE
  2230 | D:4      | Found a sacrificial altar of Ru.
  2691 | D:4      | Found a sparkling altar of Nemelex Xobeh.
  2691 | D:4      | Found an opulent altar of Gozag.
  2805 | D:4      | Found a staircase to the Ecumenical Temple.
  2806 | D:4      | 2806 ||| PLANNING TEMPLE
  2806 | D:4      | 2806 ||| READING scroll of identify.
  2806 | D:4      | 2806 ||| IDENTIFYING red potion
  2815 | Temple   | Entered the Ecumenical Temple
  2816 | Temple   | 2816 ||| PLANNING OKAWARU WORSHIP
  2832 | Temple   | Became a worshipper of Warmaster Okawaru
  2833 | Temple   | 2833 ||| PLANNING D:1-11
  3200 | D:5      | Entered Level 5 of the Dungeon
  3201 | D:5      | 3201 ||| PLANNING SEWER
  3367 | D:5      | Reached XP level 7. HP: 35/35 MP: 8/8
  3369 | D:5      | 3369 ||| RETREEEEATING.
  3371 | D:5      | 3371 ||| RETREEEEATING.
  3374 | D:5      | Noticed Pikel
  3377 | D:5      | 3377 ||| RETREEEEATING.
  3382 | D:5      | 3382 ||| DRINKING potion of haste.
  3392 | D:5      | 3392 ||| RETREEEEATING.
  3393 | D:5      | Killed Pikel
  3393 | D:5      | Reached * piety under Okawaru
  3393 | D:5      | Reached ** piety under Okawaru
  3394 | D:5      | Reached XP level 8. HP: 36/39 MP: 9/9
  3460 | D:5      | Reached skill level 1 in Invocations
  3509 | D:5      | Noticed Sigmund
  3510 | D:5      | 3510 ||| INVOKING Heroism.
  3517 | D:5      | Killed Sigmund
  3761 | D:5      | Noticed Grinder
  3762 | D:5      | 3762 ||| INVOKING Heroism.
  3773 | D:5      | Killed Grinder
  3774 | D:5      | Reached skill level 3 in Invocations
  3948 | D:5      | Found a glowing drain.
  3949 | D:5      | 3949 ||| UPGRADING to +2 robe of fire resistance.
  3959 | D:5      | 3959 ||| DROPPING +0 robe.
  3960 | D:5      | 3960 ||| DROPPING scarf of invisibility.
  3961 | D:5      | 3961 ||| READING scroll of identify.
  3961 | D:5      | 3961 ||| IDENTIFYING murky inky potion
  3962 | D:5      | 3962 ||| READING scroll labelled LOJ YXELES.
  3963 | D:5      | 3963 ||| DROPPING potion of lignification.
  3965 | D:5      | 3965 ||| Stepping ~*~*~tactically~*~*~ (cloud).
  4067 | Sewer    | Entered a sewer
  4110 | Sewer    | Reached skill level 3 in Fighting
  4133 | Sewer    | Reached *** piety under Okawaru
  4134 | Sewer    | Reached skill level 9 in Ranged Weapons
  4337 | Sewer    | 4337 ||| DRINKING 3 silvery potions.
  4338 | Sewer    | 4338 ||| DRINKING 2 smoky green potions.
  4339 | Sewer    | 4339 ||| DROPPING potion of attraction.
  4358 | D:5      | 4358 ||| PLANNING D:1-11
  4609 | D:6      | Reached skill level 9 in Dodging
  4612 | D:6      | Reached XP level 9. HP: 44/44 MP: 13/13
  4949 | D:6      | Found a shimmering altar of Xom.
  4999 | D:6      | Found Rituissu's Distillery.
  5002 | D:6      | Found Bivaf's General Store.
  5028 | D:6      | Found Asakess's Weapon Shoppe.
  5030 | D:6      | 5030 ||| BUYING 2 potions of curing (66 gold).
  5030 | D:6      | Bought 2 potions of curing for 66 gold pieces
  5030 | D:6      | 5030 ||| BUYING potion of cancellation (88 gold).
  5030 | D:6      | Bought a potion of cancellation for 88 gold pieces
  5030 | D:6      | 5030 ||| BUYING potion of curing (33 gold).
  5030 | D:6      | Bought a potion of curing for 33 gold pieces
  5030 | D:6      | 5030 ||| BUYING potion of curing (33 gold).
  5030 | D:6      | Bought a potion of curing for 33 gold pieces
  5030 | D:6      | 5030 ||| SHOPLISTING potion of haste (110 gold, have 102).
  5031 | D:6      | Found Goirybau's Book Shoppe.
  5259 | D:6      | 5259 ||| READING scroll labelled JANTISA DUIPP.
  5360 | D:6      | 5360 ||| DROPPING wand of flame (20).
  5425 | D:7      | Found Tuckoo's Antique Armour Shop.
  5436 | D:7      | 5436 ||| SHOPLISTING polished robe (188 gold, have 124).
  5814 | D:7      | 5814 ||| INVOKING Heroism.
  5965 | D:7      | Reached **** piety under Okawaru
  6248 | D:7      | 6248 ||| RETREEEEATING.
  6304 | D:7      | Reached XP level 10. HP: 42/50 MP: 15/15
  6341 | D:7      | 6341 ||| RETREEEEATING.
  6349 | D:7      | 6349 ||| INVOKING Finesse.
  6350 | D:7      | 6350 ||| INVOKING Heroism.
  6504 | D:7      | Reached skill level 6 in Invocations
  6601 | D:7      | Noticed a cyclops
  6632 | D:7      | 6632 ||| INVOKING Finesse.
  6633 | D:7      | 6633 ||| INVOKING Finesse.
  6640 | D:7      | Killed a cyclops
  6650 | D:7      | HP: 7/50 [vampire (12)]
  6650 | D:7      | Slain by a vampire

Levels and vault maps discovered:
D:1:      matt_arrival_debris, layout_basic
D:2:      layout_basic, minmay_circle_x, uniq_terence
D:3:      layout_rooms, minmay_misc_feat_tower
D:4:      layout_layer_cave, lemuel_doored_altar,
          grunt_temple_overflow_opulence, lemuel_temple_firewalk_b,
          kennysheep_nondescript, kennysheep_generic_room_2
D:5:      layout_basic, gup_sewer_entry_bowl, uniq_sigmund, uniq_pikel,
          uniq_grinder
D:6:      layout_loops_corners, xom_butterflies, minmay_shop_grid_forest
D:7:      minmay_the_grid_octo_tiled_octocenter
          [minmay_the_grid_octo_vomiting_pacman,
          minmay_the_grid_octo_fan_narrow, minmay_the_grid_octo_clover,
          minmay_the_grid_octo_pinwheel,
          minmay_the_grid_octo_prize_ultimate_mussel_roller,
          minmay_the_grid_square_5x5_minimal, minmay_the_grid_square_5x5_z,
          minmay_the_grid_square_5x5_forky, minmay_the_grid_square_5x5_longway],
          layout_basic, serial_shops, nicolae_shop_crystal, grunt_ogre_cave,
          minmay_door_square
Temple:   kb_temple_of_zot

Skill      XL: |  1  2  3  4  5  6  7  8  9 10 |
---------------+-------------------------------+-----
Dodging        | 3 4 5 6 7 9 11 | 11.1
Ranged Weapons | 5 6 7 8 9 10 11 | 11.0
Fighting       | 2 3 4 |  4.2
Invocations    | 4 5 7 |  7.2
Stealth        | |  1.5

Action                     |  1- 3 |  4- 6 |  7- 9 | 10-12 || total
---------------------------+-------+-------+-------+-------++-------
   Fire: Shortbow          |    72 |    33 |       |       ||   105
         Sling             |       |   111 |   335 |   111 ||   557
 Invoke: Heroism           |       |       |     3 |     1 ||     4
         Finesse           |       |       |       |     2 ||     2
    Use: Scroll            |     3 |     6 |     3 |       ||    12
         Potion            |     1 |     1 |     3 |       ||     5
 Armour: Robe              |     5 |     7 |    22 |    11 ||    45
  Dodge: Dodged            |    22 |    28 |   153 |    73 ||   276

Table legend:
 A = Non-vault XP
 B = Vault XP
 C = Vault XP percentage of total XP
 D = Non-vault monster count
 E = Vault monster count
 F = Vault count percentage of total count
                 A         B        C        D         E       F
            +---------+---------+-------+---------+---------+-------
      Total |    2968 |    5083 |  63.1 |     141 |      71 |  33.5
            +---------+---------+-------+---------+---------+-------
        D:1 |      37 |       0 |   0.0 |      21 |       0 |   0.0
        D:2 |     107 |      58 |  35.2 |      16 |       7 |  30.4
        D:3 |     140 |       0 |   0.0 |      29 |       0 |   0.0
        D:4 |     336 |      15 |   4.3 |      19 |       2 |   9.5
        D:5 |     407 |    1164 |  74.1 |      18 |       7 |  28.0
        D:6 |    1148 |       0 |   0.0 |      22 |       0 |   0.0
        D:7 |     793 |    3674 |  82.2 |      16 |      34 |  68.0
      Sewer |       0 |     172 | 100.0 |       0 |      21 | 100.0
            +---------+---------+-------+---------+---------+-------
